 Dungeon Crawl Stone Soup version 0.32-a0-450-g080537f31e (webtiles) character file.

Game seed: 15484783125586318557

289 ezpacito the Trooper (level 6, -4/72 HPs)
             Began as a Demonspawn Chaos Knight on Feb 23, 2024.
             Was a Plaything of Xom.
             Slain by a +0 club (11 damage)
             ... animated by Xom
             ... on level 4 of the Dungeon.
             The game lasted 00:04:35 (3057 turns).

ezpacito the Trooper (Demonspawn Chaos Knight)      Turns: 3057, Time: 00:04:36

Health: -4/72      AC: 23    Str: 14    XL:     6   Next: 9%
Magic:  7/8        EV:  2    Int: 12    God:    Xom [....*.]
Gold:   66         SH:  0    Dex: 19    Spells: 3/7 levels left

rFire   . . .        x - +1 demon whip (drain)
rCold   . . .        (no shield)
rNeg    . . .        f - melded +0 chain mail
rPois   +            (helmet currently unavailable)
rElec   .            (cloak currently unavailable)
rCorr   .            (gloves currently unavailable)
SInv    .            (boots currently unavailable)
Will    .....        (no amulet)
Stlth   ++           p - ring of wizardry
HPRegen 0.32/turn    s - +6 ring of dexterity
MPRegen 0.11/turn

%: wizardry (x1)
@: mighty, tree-form
A: stationary, stasis, torment immunity, boosted hp, (sturdy frame 1), demonic
magic 2, (hooves 2), (horns 1), (shaggy fur 1)
a: Renounce Religion


You were on level 4 of the Dungeon.
You worshipped Xom.
You were a beloved toy of Xom.
You were a tree.
You visited 1 branch of the dungeon, and saw 4 of its levels.

You collected 219 gold pieces.
You spent 153 gold pieces at shops.

Inventory:

Hand Weapons
 a - a +0 hand axe of chaos
 u - a +0 broad axe
 x - a +1 demon whip of draining (weapon)
Missiles
 e - 5 boomerangs (quivered)
 m - 6 javelins
Armour
 f - a +0 chain mail (melded)
Jewellery
 b - a ring of ice
 p - a ring of wizardry (left branch)
 s - a +6 ring of dexterity (right branch)
Talismans
 q - a talisman of death
Wands
 t - a wand of iceblast (3)
Scrolls
 d - a scroll of torment
 g - 2 scrolls of teleportation
 h - a scroll of poison {unknown}
 i - a scroll of acquirement {unknown}
 j - 2 scrolls of enchant weapon {unknown}
 k - a scroll of silence {unknown}
 n - a scroll of brand weapon
 r - 2 scrolls of fog {unknown}
 v - a scroll of revelation {unknown}


   Skills:
 * Level 3.6 Fighting
 * Level 3.4 Axes
 + Level 0.6 Throwing
 * Level 2.6 Armour
 * Level 2.0 Dodging
 + Level 1.3 Stealth
 * Level 1.7 Unarmed Combat
 * Level 1.3 Spellcasting
 + Level 0.6 Conjurations
 + Level 0.6 Hexes
 * Level 1.1 Necromancy
 + Level 0.3 Evocations


You had 3 spell levels left.
You knew the following spells:

 Your Spells              Type           Power      Damage    Failure   Level
a - Kiss of Death         Conj/Necr      8%         2d6       9%          1
b - Confusing Touch       Hex            2%         N/A       26%         3

Your spell library contained the following spells:

 Spells                   Type           Power      Damage    Failure   Level
 Dispel Undead            Necr           3%         3d7       54%         4


Dungeon Overview and Level Annotations

Branches:
Dungeon (4/15)
 Temple: D:4-7

Altars:
Gozag
Uskayaw

Shops:
D:1 *   D:3 (

Annotations:
D:3 2 transporters, retardedninja's ghost, amateur MDFi


Innate Abilities, Weirdness & Mutations

You are a tree.
Your roots penetrate the ground, keeping you stationary.
You cannot be teleported.
You are immune to unholy pain and torment.
Your maximum health is greatly increased.
Your equipment is partially melded.
((Your movements are slightly less encumbered by armour. (ER -2)))
Spells you cast may paralyse nearby enemies.
((You have hoof-like feet.))
((You have a pair of small horns on your head.))
((You are covered in fur. (AC +1)))


Message History

* * * LOW HITPOINT WARNING * * *
The gnoll hits you but does no damage.
You closely miss the +0 club. The +0 club hits you.
* * * LOW HITPOINT WARNING * * *
The gnoll barely misses you.
Unknown command.
Press: ? - help, v - describe, . - travel, g - get item
Here: a +0 club
Items here: a +0 flail; a +0 whip; a gnoll corpse.
An open door, spattered with blood.
You aren't carrying any potions.
As you read the scroll of butterflies, it crumbles to dust.
You hear the flapping of tiny wings.
The gnoll is knocked back by the sudden gust.
The +0 club is knocked back by the sudden gust.
The gnoll is no longer moving quickly.
The +0 club hits your butterfly!
Your butterfly dies!
Your butterfly disappears in a burst of colours!
Aiming: Iceblast
Press: ? - help, Shift-Dir - straight line
Okay, then.
Okay, then.
As you read the scroll of torment, it crumbles to dust.
You feel a surge of unholy energy.
The gnoll convulses!
Your butterfly disappears in a burst of colours! x20
Aiming: Iceblast
Press: ? - help, Shift-Dir - straight line The mass of ice explodes!
The iceblast engulfs the +0 club!
The +0 club partially resists.
The +0 club is moderately damaged.
Your attacks no longer feel as feeble.
Aiming: Iceblast
Press: ? - help, Shift-Dir - straight line The mass of ice explodes!
The iceblast engulfs the +0 club!
The +0 club partially resists.
The +0 club is severely damaged.
The iceblast engulfs the gnoll!
You kill the gnoll!
The +0 club hits you!
You die...

... ##.##
#...# ...
... #.# #.#
#♣# ##(##
##.).##
##....)##
#..<....#
#.........#
+.........+
#.........#
##.......##


You could see a +0 club.

Vanquished Creatures
  A scorpion (D:4)
  Ijyb (D:3)
  6 adders
  4 gnolls
  2 dart slugs
  2 ribbon worms
  6 endoplasms
  7 giant cockroaches
  3 hobgoblins
  5 jackals
  4 kobolds
  4 quokkas
  3 ball pythons
  8 bats
  6 frilled lizards
  9 goblins
  7 rats
78 creatures vanquished.

Vanquished Creatures (collateral kills)
  A gnoll bouda (D:4)
  A gnoll (D:4)
2 creatures vanquished.

Grand Total: 80 creatures vanquished

Notes
Turn   | Place    | Note
-------+----------+-------------------------------------------
     0 | D:1      | ezpacito the Demonspawn Chaos Knight began the quest for
                  | the Orb.
     0 | D:1      | Reached XP level 1. HP: 18/18 MP: 1/1
    46 | D:1      | XOM: silly message
   105 | D:1      | Reached skill level 1 in Dodging
   127 | D:1      | XOM: divination: detect items
   165 | D:1      | XOM: divination: magic mapping
   175 | D:1      | Gained mutation: Spells you cast may paralyse adjacent
                  | enemies. [demonic ancestry]
   175 | D:1      | Reached XP level 2. HP: 24/24 MP: 2/2
   259 | D:1      | Found a faded altar of an unknown god.
   260 | D:1      | XOM: divination: detect items
   311 | D:1      | XOM: silly message
   430 | D:1      | XOM: silly message
   431 | D:1      | XOM: smoke on damage
   768 | D:1      | Found Naavuurgh's Assorted Antiques.
   776 | D:1      | Bought a scroll labelled COASYUJUGE for 26 gold pieces
   776 | D:1      | Bought a green potion for 23 gold pieces
   850 | D:2      | Gained mutation: Your movements are slightly less
                  | encumbered by armour. (ER -2) [demonic ancestry]
   850 | D:2      | Reached XP level 3. HP: 29/29 MP: 3/3
   931 | D:2      | XOM: silly message
  1149 | D:2      | Reached skill level 1 in Unarmed Combat
  1363 | D:2      | XOM: silly message
  1383 | D:2      | Reached XP level 4. HP: 35/35 MP: 5/5
  1398 | D:2      | Learned a level 1 spell: Kiss of Death
  1402 | D:2      | Learned a level 3 spell: Confusing Touch
  1456 | D:2      | XOM: divination: magic mapping
  1849 | D:3      | Found a transporter.
  1851 | D:3      | Noticed retardedninja's ghost (amateur MDFi)
  1886 | D:3      | Found a transporter.
  2021 | D:3      | XOM: silly message
  2092 | D:3      | XOM: silly message
  2160 | D:3      | Reached skill level 1 in Stealth
  2160 | D:3      | Reached skill level 1 in Spellcasting
  2182 | D:3      | Found an opulent altar of Gozag.
  2272 | D:3      | Noticed Ijyb
  2279 | D:3      | Killed Ijyb
  2280 | D:3      | Gained mutation: Spells you cast may paralyse nearby
                  | enemies. [demonic ancestry]
  2280 | D:3      | Reached XP level 5. HP: 38/41 MP: 6/6
  2280 | D:3      | Found Nonacam's Weapon Shop.
  2295 | D:3      | Bought a +0 broad axe for 52 gold pieces
  2353 | D:3      | XOM: silly message
  2390 | D:3      | XOM: silly message
  2395 | D:3      | Found a hide-covered altar of Uskayaw.
  2516 | D:3      | XOM: divination: magic mapping
  2877 | D:3      | XOM: god gift: red potion {god gift}
  2957 | D:1      | Bought a scroll labelled QINIH OFUHADGH for 26 gold pieces
  2957 | D:1      | Bought a scroll labelled HAECKA HEDEPYI for 26 gold pieces
  2982 | D:1      | XOM: give mutations
  2982 | D:1      | Gained mutation: You have large cloven feet. [Xom's grace]
  2982 | D:1      | Gained mutation: You have a pair of small horns on your
                  | head. [Xom's grace]
  2982 | D:1      | Gained mutation: You have hoof-like feet. [Xom's grace]
  2982 | D:1      | Gained mutation: You are covered in fur. (AC +1) [Xom's
                  | grace]
  3006 | D:3      | XOM: god gift: +1 demon whip of draining
  3044 | D:4      | Reached skill level 1 in Necromancy
  3050 | D:4      | Reached XP level 6. HP: 25/47 MP: 7/7
  3057 | D:4      | Slain by a +0 club

Illustrated notes

Levels and vault maps discovered:
D:1:      lightli_arrival_noodles, layout_basic, serial_shops, shop,
          hellmonk_ecumenical_altar_pennies_from_heaven, minmay_liquid_box
D:2:      minmay_razor_zed, layout_basic
D:3:      layout_basic, lemuel_coloured_pillars_altar,
          nicolae_uskayaw_murder_on_the_dancefloor, gammafunk_ghost_mausoleum,
          serial_shops, shop, uniq_ijyb
D:4:      layout_loops_corners, nicolae_tso_carved_into_rock,
          mainiacjoe_overflow_concentric_impassable,
          chequers_temple_overflow_minitemple, general_overflow_altar,
          uniq_natasha

Skill      XL: |  1  2  3  4  5 |
---------------+----------------+-----
Dodging        | 1 2 |  2.0
Armour         | 2 |  2.6
Axes           | 3 |  3.4
Unarmed Combat | 1 |  1.7
Stealth        | 1 |  1.3
Spellcasting   | 1 |  1.3
Necromancy     | 1 |  1.1
Fighting       | |  3.6
Throwing       | |  0.6
Conjurations   | |  0.6
Hexes          | |  0.6
Evocations     | |  0.3

Action                     |  1- 3 |  4- 6 || total
---------------------------+-------+-------++-------
  Melee: Hand axe          |   107 |    99 ||   206
         Demon whip        |       |    12 ||    12
         Kick              |       |     4 ||     4
         Headbutt          |       |     2 ||     2
  Evoke: Wand              |       |     3 ||     3
    Use: Potion            |     2 |     4 ||     6
         Scroll            |       |     8 ||     8
   Stab: Petrified         |     2 |       ||     2
 Armour: Leather armour    |    46 |       ||    46
         Chain mail        |    42 |    84 ||   126
         Skin              |       |     8 ||     8
  Dodge: Dodged            |    64 |    59 ||   123

Table legend: (Time is in decaauts)
 A = Elapsed time spent in this place.
 B = Non-inter-level travel time spent in this place.
 C = Inter-level travel time spent in this place.
 D = Time resting spent in this place.
 E = Time spent auto-exploring this place.
 F = Levels seen in this place.
 G = Mean time per level.
                   A        B        C        D        E       F      G
               +--------+--------+--------+--------+--------+-----+--------+
         Total |   3091 |   2861 |    230 |     53 |   2260 |   4 |  772.8 |
       Dungeon |   3091 |   2861 |    230 |     53 |   2260 |   4 |  772.8 |
               +--------+--------+--------+--------+--------+-----+--------+

Top non-repeatable levels by time:
     D:3: 1116 daAuts
     D:2: 1044 daAuts
     D:1: 905 daAuts
     D:4: 26 daAuts
